 Dungeon Crawl Stone Soup version 0.29.0-11-gd7f09526c8 (webtiles) character file.

Game seed: 15886849838445358904

75 smilodon the Covered (level 4, -5/35 HPs)
             Began as a Demonspawn Fighter on Sept 2, 2022.
             Was a Follower of Wu Jian.
             Slain by an ogre
             ... wielding a +0 giant spiked club
              (16 damage)
             ... on level 4 of the Dungeon.
             The game lasted 00:06:17 (2887 turns).

smilodon the Covered (Demonspawn Fighter)           Turns: 2887, Time: 00:06:18

Health: -5/35      AC: 11    Str: 17 (18) XL:     4   Next: 11%
Magic:  4/4        EV:  9    Int: 12 (15) God:    Wu Jian [*.....]
Gold:   128        SH:  4    Dex: 10 (13) Spells: 3/3 levels left

rFire   . . .      SeeInvis .   q - +1 mace (protect)
rCold   . . .      Faith    .   c - +0 buckler
rNeg    + . .      Spirit   .   b - +0 scale mail
rPois   .          Reflect  .   (no helmet)
rElec   .          Harm     .   (no cloak)
rCorr   .          Rampage  .   l - +1 pair of gloves
Will    .....                   (no boots)
Stlth   ..........              (no amulet)
HPRegen 0.11/turn               j - +6 ring of intelligence
MPRegen 0.09/turn               g - ring of positive energy

@: mighty, about to teleport, on berserk cooldown, slowed, very slow
A: yellow scales 1
a: Renounce Religion


You were on level 4 of the Dungeon.
You worshipped Wu Jian.
Wu Jian was aware of your devotion.
You visited 1 branch of the dungeon, and saw 4 of its levels.

You collected 128 gold pieces.

Inventory:

Hand Weapons
 a - a +0 war axe
 q - a +1 mace of protection (weapon)
Armour
 b - a +0 scale mail (worn)
 c - a +0 buckler (worn)
 l - a +1 pair of gloves (worn)
Jewellery
 f - a ring of magical power
 g - a ring of positive energy (right hand)
 j - a +6 ring of intelligence (left hand)
 r - a ring of wizardry
Wands
 m - a wand of polymorph (10)
 o - a wand of roots (6)
Scrolls
 i - 2 scrolls of poison
 k - 4 scrolls of enchant weapon
 n - a scroll of identify
 p - a scroll of fog {unknown}
Potions
 d - 2 potions of might


   Skills:
 + Level 3.2 Fighting
 + Level 2.7 Axes
 + Level 0.3(1.6) Maces & Flails
 + Level 3.2 Armour
 + Level 1.0 Dodging
 - Level 0.1 Stealth
 + Level 3.0 Shields
 + Level 0.1 Unarmed Combat


You had 3 spell levels left.
You didn't know any spells.
Your spell library contained the following spells:

 Spells                   Type           Power      Damage    Failure   Level
 Foxfire                  Conj/Fire      0%         2x1d4     82%         1
 Conjure Flame            Conj/Fire      0%         6-21      99%         3
 Inner Flame              Hex/Fire       0%         N/A       99%         3
 Flame Wave               Conj/Fire      0%         2d4       100%        4


Dungeon Overview and Level Annotations

Branches:
Dungeon (4/15)
 Temple: D:4-7

Altars:
Makhleb
Qazlal
Wu Jian


Innate Abilities, Weirdness & Mutations

You are partially covered in yellow scales. (AC +2)


Message History

The orc hits you but does no damage. The black bear bites you.
The black bear claws you but does no damage. x2
You hit the ogre.
The ogre is heavily wounded.
You are no longer berserk.
You are exhausted.
You feel yourself slow down. The orc hits you but does no damage.
The orc hits you from afar with a +0 trident.
The orc barely misses you.
The black bear bites you but does no damage.
The black bear claws you.
The black bear claws you but does no damage.
The ogre hits you with a +0 giant spiked club.
You hit the ogre.
The ogre is severely wounded.
The orc hits you but does no damage.
The orc hits you from afar with a +0 trident.
The orc barely misses you.
The black bear bites you but does no damage.
The black bear claws you but does no damage.
The black bear closely misses you. The ogre barely misses you.
The orc hits you but does no damage.
The orc hits you from afar with a +0 trident.
The orc closely misses you.
The black bear bites you but does no damage.
The black bear claws you but does no damage. x2
The ogre attacks as you move away! You block the ogre's attack.
The orc attacks as you move away! The orc hits you with a +0 mace.
The black bear attacks as you move away!
The black bear bites you.
The black bear claws you but does no damage. x2
You spin and attack the orc.
You completely miss the orc. The orc hits you with a +0 mace.
The ogre barely misses you. The orc barely misses you.
As you read the scroll of teleportation, it crumbles to dust.
You feel strangely unstable. The orc hits you but does no damage.
The orc hits you from afar with a +0 trident.
The orc completely misses you.
The ogre hits you with a +0 giant spiked club!
You die...

........©.............#..
.........................
#######.###..##..........
#.# #..###.........
##.###### #.........
#...# ######.~.. #...#
≈≈≈≈≈ #...# ≈≈≈≈≈≈ #..@#
≈≈≈P~~~ #.oO#
#.oh######## #..o.)......
#...)....... #...........
########.... ... ..


You could see a black bear, an ogre and 3 orcs.

Vanquished Creatures
  Terence (D:3)
  An adder (D:2)
  A dart slug (D:2)
  2 orcs (D:4)
  5 bats
  6 endoplasms
  3 giant cockroaches
  2 goblins (D:1)
  A hobgoblin (D:3)
  2 jackals (D:3)
  A quokka (D:3)
  2 ball pythons
  4 frilled lizards
  2 kobolds (D:2)
  4 rats
37 creatures vanquished.

Vanquished Creatures (others)
  3 plants (D:4)
3 creatures vanquished.

Grand Total: 40 creatures vanquished

Notes
Turn   | Place    | Note
-------+----------+-------------------------------------------
     0 | D:1      | smilodon the Demonspawn Fighter began the quest for the
                  | Orb.
     0 | D:1      | Reached XP level 1. HP: 18/18 MP: 1/1
   359 | D:1      | Gained mutation: You are partially covered in yellow
                  | scales. (AC +2) [demonic ancestry]
   359 | D:1      | Reached XP level 2. HP: 10/24 MP: 2/2
  1295 | D:2      | Reached XP level 3. HP: 24/29 MP: 3/3
  1376 | D:2      | Found a faded altar of an unknown god.
  1440 | D:2      | Prayed at the altar of an unknown god.
  1440 | D:2      | Became a worshipper of the Wu Jian Council
  1440 | D:2      | Reached * piety under Wu Jian
  1672 | D:2      | Found a stormy altar of Qazlal.
  2079 | D:3      | Noticed Terence
  2221 | D:3      | Killed Terence
  2222 | D:3      | Reached skill level 1 in Dodging
  2359 | D:3      | Found a burning altar of Makhleb.
  2665 | D:3      | Reached XP level 4. HP: 35/35 MP: 4/4
  2846 | D:4      | Noticed a small abomination
  2859 | D:4      | Noticed a small abomination
  2870 | D:4      | Noticed a black bear
  2871 | D:4      | Noticed an ogre
  2887 | D:4      | Slain by an ogre

Illustrated notes

Levels and vault maps discovered:
D:1:      dpeg_arrival_fog, layout_loops_ring,
          wander_ebering_terrifying_dragon_lair
D:2:      layout_basic, hellmonk_ecumenical_altar_run_dry, basic_altar
D:3:      layout_loops_ring, mainiacjoe_overflow_brackets, uniq_terence
D:4:      layout_rooms, minmay_temple_entry_offerings,
          gammafunk_ghost_abyssal_escape, corexii_hall_statues_deadend,
          chequers_big_river, minmay_unequal, uniq_sigmund

Skill      XL: |  1  2  3  4 |
---------------+-------------+-----
Axes           | 2 |  2.7
Armour         | 3 |  3.2
Dodging        | 1 |  1.0
Shields        | 3 |  3.0
Fighting       | |  3.2
Maces & Flails | |  0.3
Stealth        | |  0.1
Unarmed Combat | |  0.1

Action                   |  1- 3 |  4- 6 || total
-------------------------+-------+-------++-------
Melee: War axe           |    81 |       ||    81
       Mace              |    21 |    19 ||    40
       Unarmed           |     3 |       ||     3
Invok: Lunge             |     3 |     1 ||     4
       Whirlwind         |       |     1 ||     1
  Use: Scroll            |     7 |     1 ||     8
       Potion            |     3 |     4 ||     7
 Stab: Confused          |     1 |       ||     1
Armor: Scale mail        |    45 |    23 ||    68
       Skin              |     1 |       ||     1
Dodge: Dodged            |    52 |    16 ||    68
Block: Buckler           |    17 |     9 ||    26
